 Dungeon Crawl Stone Soup version 0.31-a0-43-g46d131a48f (webtiles) character file.

Game seed: 8556762912053649019

545 pyrow613 the Slasher (level 6, -7/53 HPs)
             Began as a Demigod Fighter on May 18, 2023.
             Mangled by Menkaure (13 damage)
             ... in an ossuary.
             The game lasted 00:23:11 (4720 turns).

pyrow613 the Slasher (Demigod Fighter)              Turns: 4720, Time: 00:23:12

Health: -7/53      AC:  9    Str: 21    XL:     6   Next: 77%
Magic:  8/8        EV:  8    Int: 14    God:
Gold:   182        SH:  8    Dex: 13    Spells: 5/5 levels left

rFire   . . .        a - +1 long sword
rCold   . . .        q - +0 kite shield
rNeg    . . .        b - +0 scale mail
rPois   .            l - +0 helmet
rElec   .            (no cloak)
rCorr   .            (no gloves)
SInv    .            h - +0 pair of boots
Will    .....        (no amulet) Stlth
                     (no ring)
HPRegen 0.28/turn    (no ring)
MPRegen 0.11/turn

%: no passive effects
@: no status effects
A: high MP 1, forlorn, divine attributes
a: no special abilities


You were in an ossuary.
You visited 1 branch of the dungeon, and saw 5 of its levels.
You also visited: Ossuary.

You collected 182 gold pieces.

Inventory:

Hand Weapons
 a - a +1 long sword (weapon)
 d - a +3 mace
 o - a +2 dagger of venom
Missiles
 f - 19 stones (quivered)
 j - a javelin
 s - 4 poisoned darts
Armour
 b - a +0 scale mail (worn)
 c - a +0 buckler
 h - a +0 pair of boots (worn)
 l - a +0 helmet (worn)
 q - a +0 kite shield (worn)
 r - a +1 leather armour of fire resistance
Wands
 u - a wand of roots (4)
Scrolls
 v - a scroll of teleportation
Potions
 e - 2 potions of brilliance
 g - a potion of degeneration {unknown}
 i - a potion of resistance
 m - a potion of attraction
 n - a potion of haste
 p - 3 potions of ambrosia
 t - a potion of flight


   Skills:
 + Level 4.6 Fighting
 * Level 5.7 Long Blades
 + Level 2.9 Armour
 + Level 2.9 Shields


You had 5 spell levels left.
You didn't know any spells.
Your spell library contained the following spells:

 Spells                   Type           Power      Damage    Failure   Level
 Magic Dart               Conj           0%         1d3       88%         1
 Call Imp                 Summ           0%         N/A       96%         2
 Mephitic Cloud           Conj/Pois/Air  0%         N/A       99%         3


Dungeon Overview and Level Annotations

Branches:
Dungeon (5/15)            Ossuary (1/1)
 Temple: D:4-7

Annotations:
D:3 2 transporters, ders's ghost, amateur GrEE Ossuary Menkaure


Innate Abilities, Weirdness & Mutations

You have an increased reservoir of magic. (+10% MP)
You shall have no god before yourself.
Your divine heritage dramatically boosts your attributes as you level up.


Message History

Okay, then.
Unknown command.
You start waiting.
Done waiting.
Menkaure shouts!
Press: ? - help, . - travel You can't see that place. [a stone wall.]
You hit Menkaure but do no damage. Menkaure hits you but does no damage.
You slash Menkaure!
Menkaure is heavily damaged.
Menkaure hits you!
You hit Menkaure.
Menkaure is heavily damaged.
Menkaure calls on the powers of darkness!
Your body is wracked with pain!
You hit Menkaure but do no damage.
Menkaure is heavily damaged.
You block Menkaure's attack.
You hit Menkaure.
Menkaure is severely damaged.
Menkaure hits you!
* * * LOW HITPOINT WARNING * * *
You feel better. Menkaure barely misses you.
Okay, then.
You hit Menkaure.
Menkaure is severely damaged.
You block Menkaure's attack.
You hit Menkaure.
Menkaure is almost destroyed.
Menkaure hits you!
* * * LOW HITPOINT WARNING * * *
You closely miss Menkaure.
Menkaure is almost destroyed.
Menkaure breathes soot at you. You block Menkaure's attack.
You hit Menkaure but do no damage.
Menkaure is almost destroyed.
Menkaure hits you!
You die...

..##..##..####..##..##.^##
.##..##..## ##..##..##..##
##..##..## ##..##..##..##
#..##..## ##..##..##..## ..##..##
##..##..##..## .##..##
##..##..##..## ##..##
.##..##..##..##
#..##############M'##..##..##..##
................@...##..##..##..#
#######################..##..##..
..........................##..##.
#############################..##
................................#
#################################


You could see Menkaure.

Vanquished Creatures
  An ice beast (D:3)
  A scorpion (D:5)
  An orc priest (D:3)
  A hound (D:5)
  2 iguanas (D:4)
  Natasha (twice) (D:2)
  A sleepcap (D:5)
  3 mummies (Ossuary)
  4 adders
  A worm (D:2)
  3 dart slugs
  9 orcs (D:3)
  11 ball pythons
  5 endoplasms
  4 giant cockroaches
  2 gnoll zombies (Ossuary)
  4 goblins
  8 hobgoblins
  3 jackals
  3 quokkas
  3 bats
  3 frilled lizards
  2 gnoll skeletons (Ossuary)
  4 goblin skeletons (Ossuary)
  5 goblin zombies (Ossuary)
  7 hobgoblin skeletons (Ossuary)
  6 hobgoblin zombies (Ossuary)
  5 kobolds
  7 kobold skeletons (Ossuary)
  3 kobold zombies (Ossuary)
  2 orc skeletons (Ossuary)
  6 orc zombies (Ossuary)
  5 rats
  3 rat skeletons (Ossuary)
  3 rat zombies (Ossuary)
133 creatures vanquished.

Notes
Turn   | Place    | Note
-------+----------+-------------------------------------------
     0 | D:1      | pyrow613 the Demigod Fighter began the quest for the Orb.
     0 | D:1      | Reached XP level 1. HP: 18/18 MP: 3/3
   223 | D:1      | Reached skill level 2 in Long Blades
   340 | D:1      | Reached XP level 2. HP: 24/25 MP: 4/4
   699 | D:2      | Noticed Natasha
   708 | D:2      | Killed Natasha
   709 | D:2      | Reached XP level 3. HP: 24/31 MP: 5/5
   820 | D:2      | Reached skill level 3 in Long Blades
  1010 | D:2      | Noticed Natasha
  1025 | D:2      | Killed Natasha
  1026 | D:2      | Reached XP level 4. HP: 16/38 MP: 6/6
  1287 | D:2      | You fall into a shaft and drop 1 floor!
  1346 | D:3      | Found a transporter.
  1348 | D:3      | Noticed ders's ghost (amateur GrEE)
  2166 | D:3      | Reached skill level 4 in Long Blades
  2343 | D:3      | Reached XP level 5. HP: 46/46 MP: 7/7
  2380 | D:3      | Noticed an ice beast
  2390 | D:3      | Killed an ice beast
  2520 | D:3      | Found the +7 staff of the Meek {protect, meekguard}
  2574 | D:3      | Found a transporter.
  3037 | D:4      | Reached skill level 5 in Long Blades
  3037 | D:4      | Reached XP level 6. HP: 50/52 MP: 8/8
  3613 | D:5      | Entered Level 5 of the Dungeon
  3805 | D:5      | Found a sand-covered staircase.
  3824 | Ossuary  | Entered an ossuary
  4510 | Ossuary  | Noticed Menkaure
  4720 | Ossuary  | Mangled by Menkaure

Illustrated notes

Levels and vault maps discovered:
D:1:      dpeg_arrival_tiny_h, layout_loops_ring
D:2:      layout_rooms, serial_curves, eino_curves_01, eino_curves_01,
          uniq_natasha
D:3:      layout_basic, grunt_temple_overflow_forces_of_nature,
          gammafunk_ghost_mausoleum, pf_guarded_unrand_meek
D:4:      layout_layer_cave
D:5:      layout_rooms, cheibrodos_ashenzari_chains, enter_ossuary_1,
          kennysheep_generic_room_8, uniq_ijyb
Ossuary:  ossuary_due_pyramid

Skill      XL: |  1  2  3  4  5 |
---------------+----------------+-----
Long Blades    | 2 3 4 5 |  5.7
Fighting       | 3 4 |  4.6
Armour         | |  2.9
Shields        | |  2.9

Action                     |  1- 3 |  4- 6 || total
---------------------------+-------+-------++-------
  Melee: Long sword        |    97 |   320 ||   417
  Throw: Stone             |    21 |     2 ||    23
         Javelin           |     4 |     3 ||     7
         Dart              |       |     1 ||     1
    Use: Scroll            |     3 |     8 ||    11
         Potion            |       |     3 ||     3
 Armour: Scale mail        |    70 |   129 ||   199
  Dodge: Dodged            |    61 |   104 ||   165
  Block: Buckler           |    28 |    25 ||    53
         Kite shield       |       |    69 ||    69

Table legend: (Time is in decaauts)
 A = Elapsed time spent in this place.
 B = Non-inter-level travel time spent in this place.
 C = Inter-level travel time spent in this place.
 D = Time resting spent in this place.
 E = Time spent auto-exploring this place.
 F = Levels seen in this place.
 G = Mean time per level.
                   A        B        C        D        E       F      G
               +--------+--------+--------+--------+--------+-----+--------+
         Total |   4838 |   4716 |    122 |    675 |   2612 |   6 |  806.3 |
       Dungeon |   3904 |   3782 |    122 |    382 |   2449 |   5 |  780.8 |
       Ossuary |    934 |    934 |      0 |    293 |    163 |   1 |  934.0 |
               +--------+--------+--------+--------+--------+-----+--------+

Top non-repeatable levels by time:
     D:3: 1119 daAuts
     D:4: 962 daAuts
 Ossuary: 934 daAuts
     D:1: 819 daAuts
     D:2: 783 daAuts
     D:5: 219 daAuts
